 Dungeon Crawl Stone Soup version 0.25.0-9-g26727b657a (webtiles) character file.

Game seed: 3175070376580624849

126 funkygono the Shield-Bearer (level 5, -1/33 HPs)
             Began as a Gargoyle Fighter on June 18, 2020.
             Killed from afar by a white imp (10 damage)
             ... with a puff of frost
             ... summoned by Natasha
             ... on level 2 of the Dungeon.
             The game lasted 00:03:50 (1983 turns).

funkygono the Shield-Bearer (Gargoyle Fighter)      Turns: 1983, Time: 00:03:50

Health: -1/33      AC: 17    Str: 20    XL:     5   Next: 9%
Magic:  5/5        EV:  4    Int:  9    God:
Gold:   115        SH:  9    Dex:  9    Spells: 4/4 levels left

rFire    . . .     SeeInvis +   a - +1 flail
rCold    . . .     Gourm    .   c - +0 kite shield
rNeg     + . .     Faith    .   s - +0 plate armour
rPois    ∞         Spirit   .   (no helmet)
rElec    +         Reflect  .   (no cloak)
rCorr    .         Harm     .   (no gloves)
MR       .....                  j - +1 pair of boots
Stlth    ..........             (no amulet)
HPRegen  0.11/turn              i - ring of see invisible
MPRegen  0.09/turn              u - ring of flight

@: no status effects
A: negative energy resistance 1, electricity resistance, unbreathing,
petrification resistance, rot immunity, AC +4
a: Evoke Flight


You were on level 2 of the Dungeon.
You were not hungry.

You visited 1 branch of the dungeon, and saw 2 of its levels.

You collected 115 gold pieces.

Inventory:

Hand Weapons
 a - a +1 flail (weapon)
Missiles
 h - 97 stones (quivered)
 q - 39 bolts
Armour
 b - a +0 scale mail
 c - a +0 kite shield (worn)
 j - a +1 pair of boots (worn)
 s - a +0 plate armour (worn)
Jewellery
 i - a ring of see invisible (left hand)
 u - a ring of flight (right hand)
Scrolls
 g - 3 scrolls of identify {unknown}
 k - 4 scrolls of magic mapping
 r - a scroll of blinking {unknown}
 v - a scroll of fog
Potions
 d - a potion of might
 e - a potion of cancellation {unknown}
 l - 2 potions of flight {unknown}
 m - a potion of brilliance {unknown}
 n - a potion of berserk rage {unknown}
 o - a potion of curing
 p - a potion of stabbing {unknown}
 t - a potion of haste {unknown}
Comestibles
 f - 4 rations


   Skills:
 + Level 3.6 Fighting
 + Level 3.5 Maces & Flails
 + Level 4.0 Armour
 + Level 0.8 Dodging
 + Level 0.1 Stealth
 + Level 4.0 Shields


You had 4 spell levels left.
You didn't know any spells.
Your spell library was empty.

Dungeon Overview and Level Annotations

Branches:
Dungeon (2/15)

Altars:

Annotations:
D:2 Natasha


Innate Abilities, Weirdness & Mutations

You are resistant to torment.
Your stone body is resilient. (AC +4)
You are immune to poison.
You resist negative energy. (rN+)
You are resistant to electric shocks. (rElec)
You can survive without breathing.
You are immune to petrification.
You are immune to rotting.


Message History

The white imp shouts, "Get thee gone, thou gorbellied hasty-witted zombie-fodder!"
The white imp hits you but does no damage.
Natasha claws you but does no damage.
You closely miss Natasha.
The white imp hits you but does no damage.
Natasha casts a spell at you.
The magic dart hits you but does no damage.
You completely miss Natasha.
The white imp hits you but does no damage.
Natasha barely misses you. The white imp barely misses you.
You thump Natasha!
Natasha is severely wounded.
Natasha drinks a potion.
Natasha is healed!
The white imp hits you but does no damage.
Natasha claws you but does no damage.
You closely miss Natasha.
Natasha is lightly wounded.
The white imp gestures at you. The puff of frost hits you!
You die...

# #.##.##.##.##########.......# #
#.......##.############...###
######.#####.##......####.÷.#####
........# #.##.####.............
.....#..# #.##.##########<###...
####....# #.##.#...>........####
#....####.##.#...######.#.#
#............h.....# #.#.#
#.#.#####.#..@.....# #.# # #
####.#.# #....5....[# #.. #
.......# #..#.#...#############
####...# #..#.#..##...## ##...#
#...# #..#.####.....###.....
#...# #..#.# #...)...#......
#..(# #..#.# #.......#).....
####...#####..#.# #...[...#......
...........(....# ##.....###.....


You could see Natasha and a white imp (summoned).

Vanquished Creatures
  Jessica (D:2)
  Natasha (twice) (D:2)
  An adder (D:2)
  A dart slug (D:1)
  7 bats
  7 giant cockroaches
  2 goblins
  5 hobgoblins
  5 frilled lizards
  4 kobolds
  8 rats
43 creatures vanquished.

Notes
Turn   | Place    | Note
-------+----------+-------------------------------------------
     0 | D:1      | funkygono the Gargoyle Fighter began the quest for the Orb.
     0 | D:1      | Reached XP level 1. HP: 14/14 MP: 1/1
   163 | D:1      | Reached XP level 2. HP: 17/19 MP: 2/2
   685 | D:1      | Reached XP level 3. HP: 20/23 MP: 3/3
   992 | D:2      | Noticed Jessica
  1001 | D:2      | Killed Jessica
  1004 | D:2      | Reached XP level 4. HP: 25/28 MP: 4/4
  1117 | D:2      | Noticed Natasha
  1137 | D:2      | Killed Natasha
  1651 | D:2      | Noticed Natasha
  1660 | D:2      | Killed Natasha
  1660 | D:2      | Reached XP level 5. HP: 18/33 MP: 5/5
  1969 | D:2      | Noticed Natasha
  1983 | D:2      | Killed from afar by a white imp

Illustrated notes

Levels and vault maps discovered:
D:1:      heliophobic_arrival_enchanted_forest, layout_basic, minivault_25
D:2:      kennysheep_six_static_rooms, layout_loops_ring, uniq_natasha,
          uniq_jessica

Skill      XL: |  1  2  3  4 |
---------------+-------------+-----
Maces & Flails | 3 |  3.5
Armour         | 4 |  4.0
Shields        | 4 |  4.0
Fighting       | |  3.6
Dodging        | |  0.8
Stealth        | |  0.1

Action                   |  1- 3 |  4- 6 || total
-------------------------+-------+-------++-------
Melee: Flail             |   105 |    73 ||   178
  Use: Scroll            |     6 |       ||     6
  Eat: Chunk             |       |     4 ||     4
Armor: Scale mail        |    60 |    28 ||    88
       Plate armour      |       |    16 ||    16
Dodge: Dodged            |    32 |    18 ||    50
Block: Kite shield       |    60 |    34 ||    94
